Hi everyone, Here is a macro oriented TvP build by Semper.
12 | 0:01 | SCV | |
13 | 0:13 | SCV | |
14 | 0:18 | Supply Depot | |
14 | 0:25 | SCV | |
15 | 0:40 | SCV | |
16 | 0:52 | SCV | |
17 | 1:01 | Command Center | |
17 | 1:05 | SCV | |
18 | 1:14 | Barracks | |
18 | 1:19 | SCV | |
19 | 1:30 | Barracks | |
19 | 1:33 | SCV | |
20 | 1:45 | SCV | |
21 | 2:02 | Orbital Command | |
22 | 2:19 | Orbital Command | |
22 | 2:23 | Barracks | |
24 | 2:26 | Refinery | |
24 | 2:31 | Refinery | |
26 | 2:46 | Bunker | |
31 | 3:05 | Barracks Tech Lab | |
31 | 3:06 | Supply Depot | |
36 | 3:26 | Stimpack | |
39 | 3:33 | Supply Depot | |
44 | 3:54 | Command Center | |
44 | 4:01 | Factory | |
46 | 4:07 | Supply Depot, Barracks Reactor | |
48 | 4:16 | Refinery | |
50 | 4:23 | Engineering Bay | |
52 | 4:31 | Supply Depot | |
52 | 4:33 | Barracks Tech Lab | |
55 | 4:47 | Starport, Factory Reactor | |
58 | 4:52 | Terran Infantry Weapons Level 1 | |
63 | 5:09 | Orbital Command | |
66 | 5:13 | Refinery | |
66 | 5:18 | Supply Depot | |
72 | 5:31 | Combat Shields, Factory Reactor | |
75 | 5:37 | Supply Depot | |
75 | 5:41 | Orbital Command | |
80 | 5:52 | Missile Turret | |
84 | 5:59 | Supply Depot | |
84 | 6:00 | Supply Depot | |
84 | 6:01 | Liberator | |
91 | 6:37 | Supply Depot | |
91 | 6:39 | Supply Depot | |
102 | 6:53 | Barracks | |
103 | 6:57 | Barracks | |
113 | 7:15 | Supply Depot | |
117 | 7:16 | Terran Infantry Armor Level 1 | |
123 | 7:36 | Refinery | |
126 | 7:40 | Armory, Supply Depot | |
126 | 7:41 | Engineering Bay | |
132 | 8:08 | Supply Depot x2 | |
132 | 8:13 | Barracks Reactor, Barracks Tech Lab | |
135 | 8:20 | Command Center | |
136 | 8:24 | Supply Depot |
Halfway through the 2nd infantry upgrade add an Armoury and a 2nd Ebay
Add a 4th Command Centre around 8 minutes
Semper goes up to 5 Rax, 1 Factory and 3 Starports before adding Barracks 6-8
Semper uses the standard HOTS composition of MMMM with Vikings and Liberators and Ghosts in the late game.
I will hold off on trying to analyze the builds I write up for now because I don't understand the Meta well enough yet. Suffice it to say these builds are worth trying although they won't always work in all situations. Don't expect to hold a 1 base all in with this build without adjusting. I also can't speak to how this build should be adjusted in those situations. This build is great for practicing LotV macro play, so keep that in mind.
GLHF
On June 18, 2016, 1:15 p.m., SUPERSAYAme said:
Hi. May be a noob question. But why do you have a 4th OC @75?